 Dungeon Crawl Stone Soup version 0.29.1-15-g9cfb28693d (webtiles) character file.

Game seed: 14739643449178182932

124142 growler the Warrior (level 16, -2/138 (145) HPs)
             Began as a Demonspawn Gladiator on May 1, 2023.
             Was an Initiate of Gozag.
             Slain by a pharaoh ant (8 damage)
             ... on level 2 of the Spider Nest on May 2, 2023.
             The game lasted 01:20:58 (27898 turns).

growler the Warrior (Demonspawn Gladiator)         Turns: 27898, Time: 01:20:58

HP:   -2/138 (145)  AC: 27    Str: 16    XL:     16   Next: 38%
MP:   19/20         EV: 14    Int: 22    God:    Gozag
Gold: 5848          SH:  5    Dex: 20    Spells: 20/20 levels left

rFire   . . .      SeeInvis +     - Unarmed
rCold   + . .      Faith    .   (no shield)
rNeg    + . .      Spirit   .   b - +1 chain mail of the Barber Surgeon {Regen+ Int+2 Dex+5}
rPois   +          Reflect  +   g - +2 helmet {SInv}
rElec   .          Harm     .   M - +0 cloak
rCorr   +          Rampage  .   (gloves unavailable)
Will    +....                   r - +2 pair of boots
Stlth   ..........              a - amulet "Vuusyalo" {Reflect rPois SH+5}
HPRegen 2.13/turn               Z - ring "Ogunk" {+Blink rC+ rN+ rCorr EV+4 Int+4}
MPRegen 0.17/turn               C - ring "Plog" {+Blink rPois Slay+6}

@: lethally poisoned (-2 -> -3), corroded, gold aura, sanguine armoured, lightly
drained
A: claws 3, foul stench 2, powered by death 2, sanguine armour 3, no potion heal
1
a: Renounce Religion, Evoke Blink, Potion Petition, Call Merchant, Bribe Branch


You were on level 2 of the Spider Nest.
You worshipped Gozag.
Gozag was greatly pleased with you.
You visited 6 branches of the dungeon, and saw 27 of its levels.

You collected 8407 gold pieces.
You spent 1965 gold pieces at shops.
You paid 594 gold pieces to Gozag.

Inventory:

Missiles
 d - 8 throwing nets
 e - 15 javelins
 f - 36 poisoned darts (quivered)
Armour
 b - the +1 chain mail of the Barber Surgeon (worn) {Regen+ Int+2 Dex+5}
   (You bought it in a shop on level 2 of the Orcish Mines)

   Int:       It affects your intelligence (+2).
   Dex:       It affects your dexterity (+5).
   Regen:     It increases your rate of health regeneration.
 g - a +2 helmet of see invisible (worn)
 q - a +2 pair of gloves
 r - a +2 pair of boots (worn)
 z - +0 acid dragon scales
 M - a +0 cloak (worn)
Jewellery
 a - the amulet "Vuusyalo" (around neck) {Reflect rPois SH+5}
   (You bought it in a shop on level 2 of the Orcish Mines)

   [amulet of reflection]

   It reflects blocked missile attacks.
   rPois:     It protects you from poison.
   SH:        It affects your SH (+5).
 p - an amulet of faith
 x - a +6 ring of intelligence
 y - a ring of positive energy
 C - the ring "Plog" (right claw) {+Blink rPois Slay+6}
   (You found it on level 5 of the Dungeon)

   [ring of poison resistance]

   Slay:      It affects your accuracy & damage with ranged weapons and melee
   (+6).
   rPois:     It protects you from poison.
   +Blink:    It lets you blink.
 E - a +6 ring of dexterity
 I - an amulet of reflection
 N - an amulet of regeneration
 T - a ring of ice
 V - a ring of positive energy
 W - a ring of protection from fire
 Z - the ring "Ogunk" (left claw) {+Blink rC+ rN+ rCorr EV+4 Int+4}
   (You bought it in a shop on level 15 of the Dungeon)

   [ring of evasion]

   EV:        It affects your evasion (+4).
   Int:       It affects your intelligence (+4).
   rC:        It protects you from cold.
   rN:        It protects you from negative energy.
   +Blink:    It lets you blink.
   rCorr:     It protects you from acid and corrosion.
Wands
 B - a wand of paralysis (5)
 F - a wand of light (14)
 G - a wand of flame (37)
 O - a wand of iceblast (4)
 Q - a wand of digging (5)
 Y - a wand of polymorph (7)
Scrolls
 c - a scroll of identify
 h - 5 scrolls of teleportation
 k - 4 scrolls of summoning
 o - 4 scrolls of amnesia
 t - 5 scrolls of enchant armour
 u - 8 scrolls of fog
 w - a scroll of fear
 J - 2 scrolls of immolation
 K - a scroll of torment
 P - a scroll of vulnerability
 S - 3 scrolls of enchant weapon {unknown}
 X - 2 scrolls of magic mapping
Potions
 i - 4 potions of magic
 j - 3 potions of curing
 l - 5 potions of heal wounds
 m - a potion of flight {unknown}
 n - 5 potions of haste
 s - a potion of resistance
 v - a potion of berserk rage
 A - 4 potions of lignification
 D - 3 potions of mutation
 H - 3 potions of ambrosia
 L - 4 potions of might
 R - a potion of cancellation
 U - 3 potions of attraction


   Skills:
 - Level 18.5 Fighting
 - Level 2.6 Long Blades
 - Level 1.7 Throwing
 + Level 6.8 Armour
 + Level 7.4 Dodging
 + Level 17.4 Unarmed Combat
 + Level 2.7 Spellcasting
 - Level 9.0 Evocations


You had 20 spell levels left.
You didn't know any spells.
Your spell library contained the following spells:

 Spells                   Type           Power      Damage    Failure   Level
 Necrotise                Necr           12%        1d4       86%         1
 Sandblast                Erth           6%         2d5       86%         1
 Slow                     Hex            12%        N/A       86%         1
 Ensorcelled Hibernation  Hex/Ice        6%         N/A       95%         2
 Passwall                 Tmut/Erth      2%         N/A       95%         2
 Sublimation of Blood     Necr           3%         N/A       95%         2
 Wereblood                Tmut           3%         N/A       95%         2
 Call Canine Familiar     Summ           3%         N/A       99%         3
 Confusing Touch          Hex            3%         N/A       99%         3
 Inner Flame              Hex/Fire       3%         N/A       99%         3
 Ozocubu's Armour         Ice            3%         N/A       99%         3
 Portal Projectile        Hex/Tloc       6%         N/A       99%         3
 Stone Arrow              Conj/Erth      6%         3d7       99%         3
 Swiftness                Air            3%         N/A       99%         3
 Teleport Other           Tloc           3%         N/A       99%         3
 Vampiric Draining        Necr           3%         2d6       99%         3
 Cause Fear               Hex            1%         N/A       100%        4
 Leda's Liquefaction      Hex/Erth       1%         N/A       100%        4
 Summon Ice Beast         Ice/Summ       3%         N/A       100%        4
 Blade Hands              Tmut           1%         N/A       100%        5
 Irradiate                Conj/Tmut      1%         3d12      100%        5
 Metabolic Englaciation   Hex/Ice        1%         N/A       100%        5
 Summon Forest            Summ/Tloc      1%         N/A       100%        5
 Dispersal                Tloc           1%         N/A       100%        6
 Eringya's Noxious Bog    Tmut/Pois      1%         N/A       100%        6
 Dragon Form              Tmut           1%         N/A       100%        7
 Summon Hydra             Summ           1%         N/A       100%        7
 Discord                  Hex            1%         N/A       100%        8
 Disjunction              Tloc           1%         N/A       100%        8
 Infestation              Necr           1%         N/A       100%        8
 Simulacrum               Ice/Necr       Unusable   N/A       N/A         6

Dungeon Overview and Level Annotations

Branches:
Dungeon (15/15)            Temple (1/1) D:6            Lair (5/5) D:9
  Swamp (2/4) Lair:2       Spider (2/4) Lair:3        Slime (0/5) Lair:4
    Orc (2/2) D:10            Elf (0/3) Orc:2        Vaults (0/5) D:14
 Depths (0/4) D:15

Altars:
Ashenzari
Cheibriados
Dithmenos
Fedhas
Gozag
Hepliaklqana
Makhleb
Nemelex Xobeh
Okawaru
Qazlal
Ru
Trog
Uskayaw
Vehumet
Wu Jian
Yredelemnul
Jiyva

Shops:
D:6 ?   D:14 *(   D:15 =   Orc:1 *   Orc:2 [(*(*=

Annotations:
D:7 2 transporters, dlwiii's ghost, novice FeSu
Spider:1 1 runed translucent door, Kazon's ghost, journeyman VSFi


Innate Abilities, Weirdness & Mutations

You have claws for hands.
You sometimes emit foul miasma when damaged in melee.
You regenerate health from kills.
When seriously injured, your blood forms very thick armour. (AC +12)
Potions are less effective at restoring your health.


Message History

The entropy weaver is almost dead.
You feel very sick. You block the redback's attack.
The pharaoh ant bites you but does no damage.
The redback barely misses you.
The entropy weaver hits you but does no damage. x2
You block the entropy weaver's attack. The entropy weaver hits you.
You claw the entropy weaver!
You kill the entropy weaver!
You feel very sick. The redback completely misses you.
The pharaoh ant bites you but does no damage.
The redback completely misses you.
Unknown command.
You scratch the pharaoh ant but do no damage.
You feel very sick.
The redback bites you but does no damage.
The pharaoh ant bites you! You partially resist.
You feel drained. The redback bites you!
You emit a cloud of foul miasma!
Unknown command.
You scratch the pharaoh ant.
The pharaoh ant is lightly damaged.
You feel very sick. You block the redback's attack.
The redback is engulfed in dark miasma.
The redback is poisoned.
The redback bites you!
* * * LOW HITPOINT WARNING * * *
The pharaoh ant bites you!!
* * * LOW HITPOINT WARNING * * *
You partially resist.
You feel drained.
* * * LOW HITPOINT WARNING * * *
Your system partially rejects the healing.
You feel much better.
You feel very sick.
The redback is engulfed in dark miasma.
The redback looks even sicker.
The redback bites you!
* * * LOW HITPOINT WARNING * * *
The redback bites you but does no damage.
The pharaoh ant bites you!
You die...
Your body crumbles into a pile of gold.

#......###
#.....##
#.....^##
#.(.....##
#........##
##........##
#..........#
#......##.##
#..?@s..###
#..B$s..#
#......##
#......#
##......
##.....^
##......
#..#....


You could see a pharaoh ant and 2 redbacks.

Vanquished Creatures
  Nikola (Spider:1)
  Agnes (D:13)
  Gastronok (D:11)
  Kirke (Lair:3)
  A fire giant (D:15)
  A bunyip (Swamp:1)
  8 dire elephants (Lair:5)
  Nessos (D:14)
  An eleionoma (Swamp:1)
  2 entropy weavers (Spider:2)
  A spark wasp (Spider:1)
  Snorg (Lair:4)
  Josephine (D:12)
  An ettin (Orc:2)
  A ghost crab (Swamp:1)
  11 hydras
  7 boulder beetles
  2 two-headed ogres
  2 catoblepae (Lair:5)
  Erica (Lair:1)
  2 alligators (Swamp:1)
  5 centaur warriors
  A death yak (Lair:5)
  4 tengu warriors
  2 spriggans (Swamp:1)
  2 orc high priests (Orc:2)
  Amaemon (Lair:1)
  Nergalle (D:10)
  3 spectral death yaks (Lair:5)
  A death drake (shapeshifter) (D:14)
  2 pharaoh ants (Spider:2)
  A goliath frog (Swamp:1)
  A spectral anaconda (Lair:5)
  An orb spider (Spider:2)
  A bog body (Swamp:1)
  2 wizards
  8 orc knights
  A lindwurm (Lair:5)
  An obsidian statue (Lair:5)
  3 necromancers (Lair:5)
  12 ugly things
  2 wolf spiders (Spider:1)
  5 cyclopes
  11 orc sorcerers (Orc:2)
  2 manticores
  6 black mambas
  13 elephants
  Joseph (D:10)
  2 gargoyles (D:12)
  An orange demon (Lair:2)
  9 cane toads
  Maggie (D:8)
  Psyche (D:11)
  2 unseen horrors
  3 torpor snails
  A demonic crawler (Spider:1)
  5 rime drakes
  An efreet (D:13)
  12 komodo dragons
  4 kobold demonologists
  2 tengu conjurers (D:15)
  A troll (shapeshifter) (D:14)
  10 trolls
  3 meliai (D:13)
  2 polar bears
  9 tarantellas (Spider:1)
  2 hornets (Swamp:1)
  A spectral elephant (Lair:5)
  28 blink frogs
  4 slime creatures (D:13)
  A tyrant leech (Swamp:1)
  7 dream sheep (Lair:5)
  5 jumping spiders (Spider:1)
  5 culicivoras
  48 yaks
  2 vampires
  2 wyverns
  9 wraiths
  5 basilisks
  3 hogs (Lair:3)
  2 humans (Lair:3)
  11 redbacks
  Grum (D:6)
  2 steam dragons
  4 swamp worms
  13 vampire mosquitoes
  9 wargs
  3 spectral cane toads (Lair:5)
  8 water moccasins
  An acid dragon (D:13)
  2 swamp drakes
  2 sky beasts
  2 black bears
  11 orc warriors
  2 ice beasts
  4 ogres
  17 wolves
  7 centaurs
  2 kobold brigands
  8 bullfrogs
  11 scorpions
  A necrophage (D:6)
  A cane toad simulacrum (Lair:5)
  11 wights
  20 killer bees
  6 howler monkeys
  2 electric eels (D:9)
  A crimson imp (D:9)
  17 hounds
  3 jellies
  A gnoll bouda (D:6)
  13 orc priests
  2 iguanas (D:10)
  29 orc wizards
  15 gnolls
  8 adders
  2 shadow imps
  3 white imps
  2 ufetubi
  A worm (Lair:3)
  3 dart slugs
  89 orcs
  8 endoplasms
  6 giant cockroaches
  10 goblins
  8 hobgoblins
  10 jackals
  18 kobolds
  6 quokkas
  5 ball pythons
  7 bats
  8 frilled lizards
  6 rats
776 creatures vanquished.

Vanquished Creatures (collateral kills)
  An ice beast (D:6)
1 creature vanquished.

Vanquished Creatures (others)
  2 bloated husks (Swamp:1)
  A human (Lair:3)
  2 redbacks (Spider:1)
  4 orcs
  A bush (Lair:5)
  32 fungi
  32 plants
  26 withered plants (Lair:5)
100 creatures vanquished.

Grand Total: 877 creatures vanquished

Notes
Turn   | Place    | Note
-------+----------+-------------------------------------------
     0 | D:1      | growler the Demonspawn Gladiator began the quest for the
                  | Orb.
     0 | D:1      | Reached XP level 1. HP: 16/16 MP: 1/1
   367 | D:1      | Gained mutation: You regenerate a little health from kills.
                  | [demonic ancestry]
   367 | D:1      | Reached XP level 2. HP: 23/23 MP: 2/2
   510 | D:1      | Reached skill level 3 in Fighting
   749 | D:1      | Reached XP level 3. HP: 23/29 MP: 3/3
   948 | D:1      | Found a faded altar of an unknown god.
  1347 | D:2      | Reached skill level 4 in Fighting
  1524 | D:2      | Got the Writings on Ghastly Direction
  1605 | D:2      | Reached XP level 4. HP: 38/38 MP: 4/4
  2268 | D:3      | Reached skill level 5 in Fighting
  2421 | D:3      | Noticed a scorpion
  2430 | D:3      | Killed a scorpion
  2431 | D:3      | Gained mutation: You have sharp fingernails. [demonic
                  | ancestry]
  2431 | D:3      | Reached XP level 5. HP: 46/46 MP: 5/5
  2546 | D:3      | Reached skill level 6 in Fighting
  3015 | D:4      | Gained mutation: You may rarely emit foul miasma when
                  | damaged in melee. [demonic ancestry]
  3015 | D:4      | Reached XP level 6. HP: 53/53 MP: 6/6
  3172 | D:4      | Reached skill level 1 in Unarmed Combat
  4021 | D:5      | Entered Level 5 of the Dungeon
  4320 | D:5      | Identified the ring "Plog" {+Blink rPois Slay+6}
  4389 | D:5      | Reached skill level 7 in Fighting
  4502 | D:5      | Found a sacrificial altar of Ru.
  4582 | D:5      | Reached XP level 7. HP: 60/60 MP: 7/7
  4824 | D:5      | Found a hazy altar of Hepliaklqana.
  5343 | D:6      | Reached skill level 8 in Fighting
  5395 | D:6      | Gained mutation: When seriously injured, your blood forms
                  | armour. (AC +12) [demonic ancestry]
  5395 | D:6      | Reached XP level 8. HP: 64/68 MP: 8/8
  5619 | D:6      | Found a staircase to the Ecumenical Temple.
  5642 | Temple   | Entered the Ecumenical Temple
  5650 | Temple   | Became a worshipper of Gozag Ym Sagoz the Greedy
  5761 | D:6      | Reached skill level 5 in Unarmed Combat
  5812 | D:6      | Reached skill level 9 in Fighting
  6215 | D:6      | Found Ecyimp's Magic Scroll Shoppe.
  6581 | D:6      | Noticed Grum
  6588 | D:6      | Killed Grum
  6614 | D:6      | Found a broken altar of Ashenzari.
  6779 | D:7      | Reached XP level 9. HP: 74/77 MP: 9/9
  6934 | D:7      | Reached skill level 10 in Fighting
  7291 | D:7      | Found a transporter.
  7477 | D:7      | Found a snail-covered altar of Cheibriados.
  7485 | D:7      | Found a basalt altar of Yredelemnul.
  7780 | D:7      | Found a transporter.
  7792 | D:7      | Noticed a moth of wrath
  7799 | D:7      | Found a bloodstained altar of Trog.
  7811 | D:7      | Noticed dlwiii's ghost (novice FeSu)
  8242 | D:8      | Reached skill level 11 in Fighting
  8374 | D:8      | Found a faded altar of an unknown god.
  8374 | D:8      | Found a bloodstained altar of Trog.
  8382 | D:8      | Found a sparkling altar of Nemelex Xobeh.
  8384 | D:8      | Found a shadowy altar of Dithmenos.
  8386 | D:8      | Found a faded altar of an unknown god.
  8429 | D:8      | Found a stormy altar of Qazlal.
  8680 | D:8      | Found a radiant altar of Vehumet.
  8692 | D:8      | Noticed Maggie
  8708 | D:8      | Killed Maggie
  8709 | D:8      | Gained mutation: You sometimes emit foul miasma when
                  | damaged in melee. [demonic ancestry]
  8709 | D:8      | Reached XP level 10. HP: 20/88 MP: 10/10
  9430 | D:9      | Noticed a two-headed ogre
  9478 | D:9      | Killed a two-headed ogre
  9479 | D:9      | Reached skill level 12 in Fighting
  9931 | D:9      | Found a staircase to the Lair.
 10089 | D:9      | Reached skill level 10 in Unarmed Combat
 10611 | D:9      | Reached XP level 11. HP: 95/97 MP: 11/11
 10737 | D:9      | Identified the +1 rapier "Impslayer" {vorpal, rPois rC++
                  | Dex+3}
 10768 | D:9      | Found an ornate altar of the Wu Jian Council.
 10802 | D:9      | You fall into a shaft and drop 3 floors!
 10815 | D:12     | Noticed a boulder beetle
 10824 | D:11     | Noticed Gastronok
 10826 | D:11     | Reached skill level 13 in Fighting
 11073 | D:10     | Entered Level 10 of the Dungeon
 11495 | D:10     | Noticed Joseph
 11508 | D:10     | Killed Joseph
 11715 | D:10     | Noticed Nergalle
 11731 | D:10     | Killed Nergalle
 11987 | D:10     | Found a staircase to the Orcish Mines.
 12455 | D:11     | Killed Gastronok
 12456 | D:11     | Reached skill level 14 in Fighting
 12608 | D:11     | Noticed Psyche
 12621 | D:11     | Killed Psyche
 12827 | Lair:1   | Entered Level 1 of the Lair of Beasts
 13047 | Lair:1   | Identified the +1 ring mail "Meblazud" {*Slow rPois MP+9
                  | Str+6}
 13072 | Lair:1   | Gained mutation: When seriously injured, your blood forms
                  | thick armour. (AC +12) [demonic ancestry]
 13072 | Lair:1   | Reached XP level 12. HP: 85/108 MP: 12/12
 13121 | Lair:1   | Reached skill level 1 in Evocations
 13712 | Lair:1   | Identified the +3 short sword "Riraogy" {spect, Str+4
                  | Int+5}
 13809 | Lair:1   | Reached skill level 15 in Fighting
 13952 | Lair:2   | Noticed Erica
 13986 | Lair:1   | Killed Erica
 14012 | Lair:2   | Noticed Amaemon
 14040 | Lair:1   | Killed Amaemon
 14195 | Lair:2   | Reached skill level 5 in Evocations
 14473 | Lair:2   | Found a staircase to the Swamp.
 14503 | Lair:2   | You fall into a shaft and drop 1 floor!
 14517 | Lair:3   | Noticed Kirke
 14592 | Lair:3   | Killed Kirke
 14792 | Lair:2   | Noticed a boulder beetle
 14805 | Lair:2   | Killed a boulder beetle
 14806 | Lair:2   | Gained mutation: When seriously injured, your blood forms
                  | very thick armour. (AC +12) [demonic ancestry]
 14806 | Lair:2   | Reached XP level 13. HP: 90/116 MP: 13/13
 15767 | Lair:3   | Found a hole to the Spider Nest.
 15823 | Lair:3   | Reached skill level 16 in Fighting
 16314 | Lair:4   | Noticed Snorg
 16321 | Lair:4   | Killed Snorg
 16341 | Lair:4   | Found the +5 scythe "Finisher" {speed, eviscerate}
 16874 | Lair:4   | Found a staircase to the Slime Pits.
 16874 | Lair:4   | Found a viscous altar of Jiyva.
 17146 | Lair:5   | Entered Level 5 of the Lair of Beasts
 17589 | Lair:4   | Gained mutation: You regenerate health from kills. [demonic
                  | ancestry]
 17589 | Lair:4   | Reached XP level 14. HP: 76/126 MP: 14/14
 17775 | Lair:5   | Reached skill level 17 in Fighting
 18383 | Lair:5   | HP: 6/128 [dire elephant (1)]
 18556 | Lair:5   | Reached skill level 15 in Unarmed Combat
 19603 | Lair:5   | Got Sif Muna's Writings on Productive Wanderlust
 19822 | Orc:1    | Entered Level 1 of the Orcish Mines
 19822 | Orc:1    | Found Qiublal's General Store.
 19950 | Orc:1    | Reached skill level 18 in Fighting
 20289 | Orc:2    | Entered Level 2 of the Orcish Mines
 20907 | Orc:2    | Paralysed by an orc sorcerer for 5 turns
 20933 | Orc:2    | Gained mutation: You have very sharp fingernails. [demonic
                  | ancestry]
 20933 | Orc:2    | Reached XP level 15. HP: 137/137 MP: 15/15
 21003 | Orc:2    | Found Hyopn's Antique Weapon Emporium.
 21031 | Orc:2    | Found Uxzeitri's Antique Armour Boutique.
 21035 | Orc:2    | Paralysed by an orc sorcerer for 5 turns
 21076 | Orc:2    | Found a staircase to the Elven Halls.
 21448 | Orc:2    | Found Dufiapni's General Store.
 21494 | Orc:2    | Found Luemol's Jewellery Emporium.
 21549 | Orc:2    | Found Ude Quor's Assorted Antiques.
 21557 | Orc:2    | Found Asam's Antique Weapon Shoppe.
 21682 | Orc:2    | Bought a runed helmet for 195 gold pieces
 21682 | Orc:2    | Bought a pair of glowing boots for 195 gold pieces
 21700 | Orc:2    | Bought a distressingly furry chain mail for 247 gold pieces
 21700 | Orc:2    | Identified the +1 chain mail of the Barber Surgeon {Regen+
                  | Int+2 Dex+5} (You bought it in a shop on level 2 of the
                  | Orcish Mines)
 21906 | D:12     | Reached skill level 1 in Armour
 22013 | D:12     | Noticed Josephine
 22031 | D:12     | Killed Josephine
 23040 | D:14     | Noticed Agnes
 23063 | D:13     | Killed Agnes
 23133 | D:14     | Noticed Nessos
 23446 | D:13     | Reached skill level 5 in Dodging
 23621 | D:14     | Gained mutation: Potions are less effective at restoring
                  | your health. [a shining eye]
 23749 | D:14     | Killed Nessos
 23899 | D:14     | Found Sysupari's Weapon Emporium.
 23989 | D:14     | Found an opulent altar of Gozag.
 23998 | D:14     | Found Gozag's Platinum Reserve.
 24064 | D:14     | Found a gate to the Vaults.
 24332 | D:14     | Found a blossoming altar of Fedhas.
 24388 | D:15     | Entered Level 15 of the Dungeon
 24404 | D:15     | Reached skill level 5 in Armour
 24723 | D:15     | Found a staircase to the Depths.
 24723 | D:15     | Noticed a fire giant
 24949 | D:15     | Found a burning altar of Makhleb.
 25194 | D:15     | Killed a fire giant
 25434 | D:15     | Bought the ring "Ogunk" {+Blink rC+ rN+ rCorr EV+4 Int+4}
                  | for 752 gold pieces
 25626 | Orc:2    | Bought the amulet "Vuusyalo" {Reflect rPois SH+5} for 576
                  | gold pieces
 25780 | Swamp:1  | Entered Level 1 of the Swamp
 26013 | Swamp:1  | Gained mutation: You have claws for hands. [demonic
                  | ancestry]
 26013 | Swamp:1  | Reached XP level 16. HP: 99/145 MP: 16/16
 26792 | Spider:1 | Entered Level 1 of the Spider Nest
 27078 | Spider:1 | Reached skill level 1 in Spellcasting
 27310 | Spider:1 | Noticed Kazon's ghost (journeyman VSFi)
 27316 | Spider:1 | Found a runed translucent door.
 27359 | Spider:1 | Noticed Nikola
 27377 | Spider:1 | Killed Nikola
 27898 | Spider:2 | HP: 6/138 [redback (9)]
 27898 | Spider:2 | Slain by a pharaoh ant

Illustrated notes

Levels and vault maps discovered:
D:1:      shiori_arrival_elements, layout_rooms,
          shapermc_ecumenical_altar_mp_urbaneastern, nicolae_hexahallways
D:2:      layout_loops_corners, basic_altar, minmay_misc_feat_tower,
          nicolae_titane
D:3:      layout_loops_ring, nrook_uturn
D:4:      layout_loops_corners, mainiacjoe_overflow_six_doors_small,
          serial_aquarium, aquarium_bridge_long_joined
          [aquarium_subvault_balcony, aquarium_subvault_balcony,
          aquarium_subvault_bridge, aquarium_subvault_bridge,
          aquarium_subvault_window, aquarium_subvault_window],
          aquarium_bridge_straight [aquarium_subvault_bridge,
          aquarium_subvault_wall, aquarium_subvault_bridge,
          aquarium_subvault_wall], aquarium_window_1, aquarium_window_1,
          aquarium_window_2, aquarium_view_2c, aquarium_balcony_3a,
          dreamdust_mushroom_princess, minmay_misc_feat_rows
D:5:      layout_loops_cross, kennysheep_mini, mainiacjoe_overflow_brackets
D:6:      layout_cave_pools, nicolae_ashenzari_skybound,
          minmay_temple_entry_slanted, serial_gnoll_camp, grums_kennel,
          gnoll_camp_mini_loothouse, gnoll_camp_mini_doghouse,
          gnoll_camp_mini_shop, gnoll_camp_mini_basic,
          hangedman_abyss_or_decor_stagger, hex_medium,
          grunt_decor_mini_mirrors, kennysheep_generic_room_5
D:7:      layout_cave_pods, jmf_multi_god_temple,
          gammafunk_ghost_wrathful_warriors,
          hangedman_abyss_or_decor_lesser_grid
D:8:      layout_basic, mainiacjoe_overflow_catwalk,
          mainiacjoe_overflow_24_doors, chequers_temple_overflow_minitemple,
          minivault_23, uniq_maggie
D:9:      layout_roguey, pdpol_wu_jian_five_deadly_venoms, erik_lair_island,
          enter_bailey_2, minmay_fire_ice_demons
D:10:     layout_cave_pools, mainiacjoe_overflow_small_starburst, erik_orc_1,
          chequers_serial_rivers_micro_e, minmay_lizard_king, uniq_nergalle,
          uniq_grum, uniq_joseph
D:11:     layout_roguey, uniq_gastronok, uniq_psyche
D:12:     layout_cross, uniq_josephine
D:13:     layout_cave_pods
D:14:     layout_cave_pools, david_vaults_1, fedhas_altar_4, serial_shops, shop,
          nicolae_gozag_zags_fifth_avenue, uniq_agnes, uniq_nessos
D:15:     grunt_enter_depths_giant_problem, layout_basic, bloody_makhleb,
          serial_bayou_pond_d, chequers_decorated_corner
Temple:   nicolae_temple_bog_church
Lair:1:   layout_chaotic_city
Lair:2:   layout_chaotic_city, swamp_mist_pool, grunt_megastairs_4,
          lemuel_fruit_fields, uniq_amaemon, uniq_erica
Lair:3:   layout_chaotic_city, nicolae_spider_entry_non_spiders, st_stairs_13,
          infiniplex_staircase_pool_2, uniq_kirke
Lair:4:   layout_loops_ring, slime_entry_1, minivault_24, minmay_holes,
          patterned_corridor, uniq_snorg
Lair:5:   due_jungle_book, layout_misc_corridors
Swamp:1:  layout_basic_swamp, evilmike_swamp_ruin_house_1,
          infiniplex_staircase_pool
Swamp:2:  layout_basic_swamp, serial_swamp_ruin, hangedman_swamp_ruin_hall,
          evilmike_swamp_ruin_house_4
Spider:1: layout_cave_pods, hellmonk_ghost_happy_afterlife, uniq_nikola
Spider:2: layout_spider_delve, nicolae_spider_scorpion_nest
Orc:1:    layout_caves, serial_shops, nicolae_shop_trees
Orc:2:    st_orc_town, layout_caves, basic_altar, guppyfry_orc_lava_fort

Skill      XL: |  1  2  3  4  5  6  7  8  9 10 11 12 13 14 15 16 |
---------------+-------------------------------------------------+-----
Fighting       | 3 4 5 6 7 8 9 11 12 14 15 16 18 | 18.5
Unarmed Combat | 2 4 6 8 10 12 13 14 16 17 | 17.4
Evocations     | 6 8 9 |  9.0
Armour         | 5 6 |  6.8
Dodging        | 6 7 |  7.4
Spellcasting   | 2 |  2.7
Long Blades    | |  2.6
Throwing       | |  1.7

Action                   |  1- 3 |  4- 6 |  7- 9 | 10-12 | 13-15 | 16-18 || total
-------------------------+-------+-------+-------+-------+-------+-------++-------
Melee: Long sword        |    87 |       |       |       |       |       ||    87
       Punch             |     2 |     2 |    13 |    61 |   200 |    21 ||   299
       War axe           |    21 |   131 |   233 |       |       |       ||   385
       Unarmed           |       |       |    26 |   669 |  1344 |   180 ||  2219
Throw: Throwing net      |     1 |     2 |       |       |       |       ||     3
       Dart              |       |       |       |     2 |    11 |       ||    13
       Javelin           |       |       |       |       |     3 |       ||     3
Invok: Call Merchant     |       |       |       |       |     1 |       ||     1
Evoke: Wand              |       |       |       |     2 |    11 |       ||    13
  Use: Scroll            |       |       |     4 |    11 |    11 |     1 ||    27
       Potion            |       |       |       |       |     6 |     4 ||    10
 Stab: Distracted        |     1 |       |       |     8 |    16 |     1 ||    26
       Sleeping          |     1 |     3 |     1 |     2 |       |       ||     7
       Confused          |       |       |       |     2 |       |       ||     2
       Petrified         |       |       |       |       |     6 |       ||     6
Armor: Leather armour    |    25 |    62 |   159 |   134 |       |       ||   380
       Acid dragon scale |       |       |       |   106 |   422 |       ||   528
       Chain mail        |       |       |       |       |   273 |   124 ||   397
       Skin              |       |       |       |       |       |     7 ||     7
Dodge: Dodged            |    84 |   105 |   269 |   387 |   635 |   125 ||  1605
Block: Other             |       |       |    15 |    54 |     7 |    62 ||   138
       Reflection        |       |       |     2 |     2 |       |       ||     4
